 Dungeon Crawl Stone Soup version 0.13-a0-2382-gbc6a47d (webtiles) character file.

242 sipiatti the Skirmisher (level 5, -6/46 HPs)
             Began as a Hill Orc Fighter on July 14, 2013.
             Mangled by a gnoll
             ... wielding a cursed -1,-3 spear
              (7 damage)
             ... on Level 3 of the Dungeon.
             The game lasted 00:18:37 (2243 turns).

sipiatti the Skirmisher (Hill Orc Fighter)          Turns: 2243, Time: 00:18:37

HP  -6/46        AC  8     Str 20      XL: 5   Next: 14%
MP   4/4         EV 10     Int  8      God:
Gold 112         SH 20     Dex 10      Spells:  0 memorised,  4 levels left

Res.Fire  : . . .   See Invis. : .   s - +0 hand axe (chop)
Res.Cold  : . . .   Warding    : .   b - +0 orc scale mail
Life Prot.: . . .   Conserve   : .   c - +0 orc shield
Res.Poison: .       Res.Corr.  : .   (no helmet)
Res.Elec. : .       Clarity    : .   (no cloak)
Sust.Abil.: . .     Spirit.Shd : .   r - +0 pair of gloves
Res.Mut.  : .       Stasis     : .   (no boots)
Res.Rott. : .       Flight     : .   (no amulet)
Saprovore : + . .                    (no ring)
                                     i - +4 ring of evasion

@: slightly resistant to hostile enchantments, extremely unstealthy
A: saprovore 1
a: no special abilities


You were on level 3 of the Dungeon.
You were not hungry.

You visited 1 branch of the dungeon, and saw 3 of its levels.

You collected 92 gold pieces.

Inventory:

Hand weapons
 a - a +0,+0 orcish hand axe {=f}
 s - a +0,+0 hand axe of chopping (weapon)
Missiles
 f - 43 darts (quivered)
Armour
 b - a +0 orcish scale mail (worn)
 c - a +0 orcish shield (worn)
 q - a +0 helmet
 r - a +0 pair of gloves (worn)
Comestibles
 h - a pear
 u - a choko
Scrolls
 e - a scroll of recharging {unknown}
 g - a scroll of remove curse {unknown}
 j - 2 scrolls of magic mapping {unknown}
 k - a scroll of curse jewellery {unknown}
 m - a scroll of teleportation {unknown}
 n - a scroll of amnesia {unknown}
 p - 3 scrolls of fear {unknown}
 t - a scroll of random uselessness {unknown}
Jewellery
 i - a +4 ring of evasion (left hand)
Potions
 d - a potion of cure mutation {unknown}
 l - a potion of heal wounds {unknown}
 o - 2 potions of curing {unknown}
 v - a potion of brilliance


   Skills:
 + Level 4.2 Fighting
 + Level 3.6 Axes
 + Level 0.2 Throwing
 + Level 4.2 Armour
 + Level 1.0 Dodging
 + Level 4.2 Shields


You had 4 spell levels left.
You didn't know any spells.

Dungeon Overview and Level Annotations

Branches:
Dungeon (3/27)

Altars:


Innate Abilities, Weirdness & Mutations

You can tolerate rotten meat.


Message History

The gnoll closely misses you.
The big kobold hits you but does no damage.
You closely miss the big kobold. You block the big kobold's attack.
You block the gnoll's attack. The big kobold barely misses you.
You hit the big kobold.
The big kobold is lightly wounded.
You block the gnoll's attack. The big kobold barely misses you.
You block the big kobold's attack. The gnoll hits you but does no damage.
You slash the big kobold!
The big kobold is heavily wounded.
* * * LOW HITPOINT WARNING * * *
You feel sick.
You feel better.
The big kobold hits you but does no damage.
You block the gnoll's attack. The big kobold barely misses you.
You hit the big kobold.
The big kobold is severely wounded.
You block the big kobold's attack.
The gnoll hits you from afar with a spear!
You die...

#############################
#.............g#K......#....#
#...%((.((....KK@).....#....#
#....$........K#########....##
....########..........#......#
.... #.........('......+ ...
#..........#......# #..
.......#########(...## #.
........+ #.(..# . %........#
#..).#
#########################'%######


You could see 2 big kobolds, a gnoll and 2 kobolds.

Vanquished Creatures
  A gnoll (D:3)
  5 adders
  2 worms (D:2)
  A giant gecko (D:3)
  A giant cockroach (D:1)
  6 hobgoblins
  9 jackals
  A quokka (D:2)
  2 ball pythons
  6 bats
  5 giant newts
  3 goblins
  20 kobolds
  3 rats
65 creatures vanquished.

Notes
Turn   | Place    | Note
--------------------------------------------------------------
     0 | D:1      | sipiatti, the Hill Orc Fighter, began the quest for the Orb.
     0 | D:1      | Reached XP level 1. HP: 19/19 MP: 0/0
   208 | D:1      | Reached XP level 2. HP: 20/26 MP: 1/1
   217 | D:1      | Reached skill level 4 in Fighting
   849 | D:2      | Reached XP level 3. HP: 33/33 MP: 2/2
  1228 | D:2      | Reached XP level 4. HP: 29/40 MP: 3/3
  2167 | D:3      | Reached XP level 5. HP: 44/46 MP: 4/4
  2206 | D:3      | Noticed a big kobold
  2206 | D:3      | Noticed a big kobold
  2212 | D:3      | Noticed a big kobold
  2234 | D:3      | Reached skill level 1 in Dodging
  2239 | D:3      | HP: 2/46 [big kobold/club (2)]
  2243 | D:3      | Mangled by a gnoll

Action                   |  1- 3 |  4- 6 || total
-------------------------+-------+-------++-------
Melee: Hand axe          |    85 |   150 ||   235
Throw: Dart              |     3 |    19 ||    22
  Use: Scroll            |       |     7 ||     7
